 Dungeon Crawl Stone Soup version 0.28.0 (webtiles) character file.

Game seed: 2695732098234578065

79 Morbidden the Skirmisher (level 4, 0/36 HPs)
             Began as a Demonspawn Fighter on Feb 15, 2022.
             Splashed by a jelly's acid (11 damage)
             ... on level 2 of the Dungeon.
             The game lasted 00:01:22 (1764 turns).

Morbidden the Skirmisher (Demonspawn Fighter)       Turns: 1764, Time: 00:01:23

Health: 0/36       AC:  2    Str: 18    XL:     4   Next: 16%
Magic:  4/4        EV: 24    Int: 10    God:
Gold:   71         SH:  0    Dex: 12    Spells: 3/3 levels left

rFire   . . .      SeeInvis .   (no weapon)
rCold   . . .      Faith    .   (no shield)
rNeg    . . .      Spirit   .   b - +0 scale mail
rPois   .          Reflect  .   (no helmet)
rElec   .          Harm     .   (no cloak)
rCorr   .          Rampage  .   (no gloves)
Will    .....                   (no boots)
Stlth   ..........              j - amulet of the acrobat
HPRegen 0.12/turn               (no ring)
MPRegen 0.09/turn               (no ring)

@: corroded, acrobatic
A: claws 1, spiny 1
a: no special abilities


You were on level 2 of the Dungeon.
You visited 1 branch of the dungeon, and saw 2 of its levels.

You collected 71 gold pieces.

Inventory:

Missiles
 g - 2 poisoned darts (quivered)
Armour
 b - a +0 scale mail (worn)
Magical Staves
 a - a staff of air
Jewellery
 j - an amulet of the acrobat (around neck)
Scrolls
 c - a scroll of noise {unknown}
 e - a scroll of enchant weapon {unknown}
 i - 3 scrolls of identify {unknown}
Potions
 d - a potion of might
 f - a potion of flight {unknown}
 h - 2 potions of curing {unknown}
 k - a potion of lignification {unknown}
 l - a potion of haste {unknown}


   Skills:
 * Level 3.6 Fighting
 + Level 2.8 Axes
 + Level 3.2 Armour
 + Level 2.9 Shields
 * Level 0.1 Unarmed Combat


You had 3 spell levels left.
You didn't know any spells.
Your spell library was empty.

Dungeon Overview and Level Annotations

Branches:
Dungeon (2/15)

Altars:
Xom


Innate Abilities, Weirdness & Mutations

You have sharp fingernails.
You are partially covered in sharp spines.


Message History

No target in view!
No target in view!
No target in view!
Found a stone staircase leading down.
No target in view!
Found a leather armour.
No target in view!
There is a stone staircase leading down here.
c - a scroll labelled RAQIUSSI BEOQ No target in view!
You see here a +0 leather armour.
You open the door.
There is an open door here.
Key pressed, stopping explore.
No target in view!
A jelly comes into view.
The jelly quivers.
You scratch the jelly but do no damage.
Your claws burn!
The jelly is struck by your spines. The jelly hits you but does no damage.
A jelly is nearby!
You scratch the jelly. The acid corrodes you!
Your claws burn!
You claw the jelly, but do no damage.
The jelly is moderately wounded.
The jelly hits you but does no damage.
You scratch the jelly but do no damage.
Your claws burn!
The jelly is moderately wounded.
The jelly closely misses you.
You scratch the jelly.
Your claws burn!
The jelly is heavily wounded.
The jelly hits you.
You are splashed with acid!
A jelly is nearby!
You are too injured to fight recklessly!
You are too injured to fight recklessly!
You are too injured to fight recklessly!
You are too injured to fight recklessly!
Unknown command.
The jelly jiggles.
The jelly is struck by your spines. The jelly hits you.
You are splashed with acid!
You die...

#.....####
#...
#####.#
#...
###.####
#...
#......#
####
#..[...#
#......#
#......#
###'####
#@# #J#
#.# #.#
#.# #.#
#........
####....#
...#


You could see a jelly.

Vanquished Creatures
  Terence (D:2)
  2 adders (D:2)
  5 endoplasms (D:1)
  3 giant cockroaches (D:1)
  A goblin (D:1)
  3 hobgoblins
  2 jackals (D:1)
  6 ball pythons
  A frilled lizard (D:2)
  6 kobolds
  3 rats
33 creatures vanquished.

Notes
Turn   | Place    | Note
-------+----------+-------------------------------------------
     0 | D:1      | Morbidden the Demonspawn Fighter began the quest for the
                  | Orb.
     0 | D:1      | Reached XP level 1. HP: 18/18 MP: 1/1
   287 | D:1      | Gained mutation: You are partially covered in sharp spines.
                  | [demonic ancestry]
   287 | D:1      | Reached XP level 2. HP: 24/24 MP: 2/2
   840 | D:2      | Noticed Terence
   850 | D:2      | Gained mutation: You have sharp fingernails. [demonic
                  | ancestry]
   850 | D:2      | Reached XP level 3. HP: 5/29 MP: 3/3
   860 | D:2      | Killed Terence
  1623 | D:2      | Found a shimmering altar of Xom.
  1633 | D:2      | Reached XP level 4. HP: 36/36 MP: 4/4
  1764 | D:2      | Splashed by a jelly's acid

Illustrated notes

Levels and vault maps discovered:
D:1:      erik_arrival_orb_chamber, layout_basic, minmay_tall_x
D:2:      layout_basic, basic_altar, uniq_terence

Skill      XL: |  1  2 |
---------------+-------+-----
Axes           | 2 |  2.8
Armour         | 3 |  3.2
Fighting       | |  3.6
Shields        | |  2.9
Unarmed Combat | |  0.1

Action                   |  1- 3 |  4- 6 || total
-------------------------+-------+-------++-------
Melee: War axe           |    44 |       ||    44
       Unarmed           |    18 |     7 ||    25
       Punch             |       |     1 ||     1
Throw: Dart              |     1 |       ||     1
Armor: Scale mail        |    22 |     2 ||    24
Dodge: Dodged            |    24 |     4 ||    28
Block: Buckler           |    16 |     1 ||    17
